 Dungeon Crawl Stone Soup version 0.21-a0-110-g8e1637b (webtiles) character file.

1519 Lianjan the Changer (level 8, -3/72 HPs)
             Began as a Naga Transmuter on July 9, 2017.
             Was an Initiate of Cheibriados.
             Slain by a wight
             ... wielding a +5 short sword
              (8 damage)
             ... on level 7 of the Dungeon.
             The game lasted 00:21:14 (7447 turns).

Lianjan the Changer (Naga Transmuter)               Turns: 7447, Time: 00:21:15

Health: -3/72      AC:  2    Str: 13    XL:     8   Next: 84%
Magic:  6/11       EV: 19    Int: 17    God:    Cheibriados [......]
Gold:   348        SH:  0    Dex: 18    Spells: 1/11 levels left

rFire    . . .     SeeInvis +     - Unarmed
rCold    . . .     Gourm    .   (shield currently unavailable)
rNeg     . . .     Faith    .   (armour currently unavailable)
rPois    x         Spirit   .   (helmet currently unavailable)
rElec    .         Reflect  .   (cloak currently unavailable)
rCorr    .         Harm     .   (gloves currently unavailable)
MR       +....                  (no barding)
Stlth    ++........             (no amulet)
HPRegen  0.22/turn              p - ring of see invisible
MPRegen  0.12/turn              y - +1 ring of evasion

@: spider-form (expiring), drained, very slow
A: see invisible, slow metabolism 1, spit poison 1, AC +2
a: Spit Poison, End Transformation, Bend Time, Renounce Religion


You were on level 7 of the Dungeon.
You worshipped Cheibriados.
Cheibriados was noncommittal.
You were hungry.
You were a venomous arachnid creature.
You visited 2 branches of the dungeon, and saw 8 of its levels.
You also visited: Ossuary.

You collected 348 gold pieces.

Inventory:

Missiles
 a - 55 arrows
 k - 167 stones (quivered)
 r - 32 sling bullets
 u - 3 throwing nets
Armour
 j - a +1 robe (melded)
 A - a +2 pair of gloves of strength (melded)
Jewellery
 p - a ring of see invisible (left front leg)
 y - a +1 ring of evasion (right front leg)
Wands
 w - a wand of acid (7/15)
 z - a wand of acid (5/15)
 F - a wand of disintegration (12/24)
Scrolls
 b - 5 scrolls of teleportation
 f - 3 scrolls of amnesia
 h - 2 scrolls of fog
 o - 4 scrolls of remove curse
 D - a scroll of blinking
Potions
 l - a potion of mutation
 m - 7 potions of heal wounds
 n - a potion of might
 q - a potion of cancellation
 s - 2 potions of lignification
 t - 10 potions of curing
 x - 2 potions of invisibility {unknown}
 C - a potion of flight
Books
 c - a book of Changes

   Spells                             Type                      Level
   a - Beastly Appendage              Transmutation                1
   b - Sticks to Snakes               Transmutation                2
   c - Spider Form                    Transmutation/Poison         3
   d - Ice Form                       Ice/Transmutation            4
   e - Blade Hands                    Transmutation                5
Comestibles
 d - 4 bread rations
 i - 3 meat rations
 B - a fruit
 E - 3 chunks of flesh


   Skills:
 + Level 4.0(3.0) Fighting
 - Level 1.5(0.6) Dodging
 + Level 5.9(4.8) Unarmed Combat
 - Level 2.0(1.0) Spellcasting
 * Level 6.4(5.4) Transmutations
 * Level 2.6(1.6) Ice Magic
 - Level 4.0(3.0) Poison Magic
 + Level 1.8(0.8) Invocations
 - Level 2.9(1.9) Evocations


You had one spell level left.
You knew the following spells:

 Your Spells              Type           Power        Failure   Level  Hunger
a - Beastly Appendage     Tmut           ###...       9%          1    ##.....
b - Sticks to Snakes      Tmut           ###.....     12%         2    ###....
c - Spider Form           Tmut/Pois      ###.......   28%         3    ####...
d - Ice Form              Ice/Tmut       ##......     67%         4    #####..


Dungeon Overview and Level Annotations

Branches:
Dungeon (7/15)             Temple (1/1) D:5

Altars:
Ashenzari
Cheibriados
Dithmenos
Elyvilon
Fedhas
Gozag
Kikubaaqudgha
Makhleb
Nemelex Xobeh
Okawaru
Qazlal
Sif Muna
Trog
Vehumet
Wu Jian
Xom
Yredelemnul
Zin
The Shining One

Shops:
D:4 [


Innate Abilities, Weirdness & Mutations

You cannot wear boots.
((Your serpentine skin is tough. (AC +2)))
You have supernaturally acute eyesight. (SInv)
((Armour fits poorly on your strangely shaped body.))
((Your system is resistant to poisons. (rPois)))
((You cover ground very slowly.))
You have a slow metabolism.
You can spit poison.


Message History

an enchanted trident; a robe You hit the wight but do no damage.
The wight closely misses you.
You hit the wight.
The wight is moderately damaged.
The wight completely misses you.
You hit the wight.
The wight is moderately damaged.
The wight hits you with an enchanted short sword!
* * * LOW HITPOINT WARNING * * *
You hit the wight.
The wight is heavily damaged.
The wight completely misses you.
You bite the wight!
The wight is almost destroyed.
The wight hits you with an enchanted short sword!
* * * LOW HITPOINT WARNING * * *
The flow of time bends around you.
The wight resists with some effort.
You are feeling hungry.
The wight hits you with an enchanted short sword!
You die...

#############
#...........#
#.#########.#
########.#########.######
..(...)..................
.#######s#######.#.######
......z.# ####.#+##
...###### #.......#
#.......# #.......#
#.......# ####.#.## #.#.#
#^#.######


You could see a wight.

Vanquished Creatures
  Prince Ribbit (D:5)
  Menkaure (Ossuary)
  An eye of draining (D:6)
  An orc warrior (D:6)
  A sky beast (D:6)
  3 scorpions
  7 wights
  A centaur zombie (D:6)
  2 crimson imps (D:5)
  3 hounds
  A centaur skeleton (D:5)
  A jelly (D:5)
  A bullfrog skeleton (D:5)
  3 worker ants
  A hound skeleton (D:5)
  3 mummies (Ossuary)
  A howler monkey zombie (D:6)
  3 adders
  2 shadow imps (D:6)
  An adder zombie (D:5)
  3 worms
  A leopard gecko (D:1)
  9 orcs
  A ball python (D:5)
  7 bats
  2 giant cockroaches
  10 goblins
  8 hobgoblins
  4 jackals
  4 kobolds
  4 quokkas
  3 frilled lizards
  3 gnoll skeletons (Ossuary)
  3 gnoll zombies (Ossuary)
  2 goblin skeletons (Ossuary)
  5 goblin zombies (Ossuary)
  A jackal skeleton (D:6)
  4 kobold skeletons (Ossuary)
  A kobold zombie (Ossuary)
  A leopard gecko skeleton (D:4)
  2 orc zombies (Ossuary)
  12 rats
  A rat skeleton (Ossuary)
  2 rat zombies (Ossuary)
131 creatures vanquished.

Vanquished Creatures (collateral kills)
  An adder (D:2)
  A goblin (D:2)
  A kobold (D:2)
3 creatures vanquished.

Vanquished Creatures (others)
  2 gnoll skeletons (Ossuary)
  A goblin skeleton (Ossuary)
  2 goblin zombies (Ossuary)
  4 hobgoblin skeletons (Ossuary)
  6 hobgoblin zombies (Ossuary)
  4 kobold skeletons (Ossuary)
  A kobold zombie (Ossuary)
  2 orc skeletons (Ossuary)
  2 rat skeletons (Ossuary)
  3 rat zombies (Ossuary)
27 creatures vanquished.

Grand Total: 161 creatures vanquished

Notes
Turn   | Place    | Note
-------+----------+-------------------------------------------
     0 | D:1      | Lianjan the Naga Transmuter began the quest for the Orb.
     0 | D:1      | Reached XP level 1. HP: 18/18 MP: 3/3
   653 | D:1      | Reached XP level 2. HP: 25/25 MP: 3/5
   659 | D:1      | Learned a level 2 spell: Sticks to Snakes
  1513 | D:1      | Reached XP level 3. HP: 31/31 MP: 6/6
  1518 | D:1      | Learned a level 3 spell: Spider Form
  1992 | D:2      | Reached skill level 1 in Poison Magic
  2265 | D:2      | Reached XP level 4. HP: 38/38 MP: 5/7
  2447 | D:2      | Found a sparkling altar of Nemelex Xobeh.
  2509 | D:2      | Found a burning altar of Makhleb.
  2509 | D:2      | Found an opulent altar of Gozag.
  3127 | D:4      | Found a shattered altar of Ashenzari.
  3175 | D:4      | Found Lioch's Armour Shop.
  3242 | D:4      | Reached XP level 5. HP: 33/45 MP: 6/8
  3250 | D:4      | Found a sand-covered staircase.
  3261 | Ossuary  | Entered an ossuary
  3737 | Ossuary  | Noticed Menkaure
  3748 | Ossuary  | Killed Menkaure
  3748 | Ossuary  | Reached skill level 3 in Transmutations
  3870 | Ossuary  | Reached XP level 6. HP: 19/52 MP: 7/9
  4253 | D:4      | Reached skill level 1 in Evocations
  4373 | D:4      | Found a shadowy altar of Dithmenos.
  4572 | D:5      | Entered Level 5 of the Dungeon
  4683 | D:5      | Noticed Prince Ribbit
  4694 | D:5      | Killed Prince Ribbit
  4694 | D:5      | Reached skill level 5 in Unarmed Combat
  4694 | D:5      | Reached skill level 4 in Transmutations
  4694 | D:5      | Reached XP level 7. HP: 23/61 MP: 4/10
  4903 | D:5      | Found a staircase to the Ecumenical Temple.
  5169 | Temple   | Entered the Ecumenical Temple
  5199 | Temple   | Became a worshipper of Cheibriados the Contemplative
  5582 | D:5      | Reached skill level 5 in Transmutations
  5743 | D:5      | Found a sparkling altar of Nemelex Xobeh.
  5922 | D:6      | Reached XP level 8. HP: 31/69 MP: 8/11
  6722 | D:6      | Learned a level 4 spell: Ice Form
  6797 | D:6      | Found a bloodstained altar of Trog.
  6818 | D:6      | Reached skill level 1 in Ice Magic
  6923 | D:6      | Reached skill level 1 in Invocations
  6983 | D:6      | Reached skill level 6 in Transmutations
  7002 | D:6      | Found a blossoming altar of Fedhas.
  7447 | D:7      | Slain by a wight

Vault maps used:
D:1:      scummos_arrival_hexagon, serial_co_window_serial, co_window_corner_a,
          co_window_of_opportunity_a, co_window_corner_a,
          co_window_of_opportunity_a, co_window_paths_a, co_window_paths_b,
          co_window_broadway_b, co_window_corner_b, co_window_broadway_b,
          co_window_paths_c, co_window_corner_b, co_window_paths_e,
          glass_columns_a
D:2:      gammafunk_temple_overflow_elements, lemuel_coloured_pillars_altar,
          grunt_decor_one_mirror
D:3:      kennysheep_cross_room, minivault_5
D:4:      marbit_many_paths, ashenzari_conservatory_becter, serial_shops, shop,
          first_bread, lightli_ossuary_entry_decrepit_ruins
D:5:      minmay_temple_entry_grid, nemelex_diamond_rough_becter,
          uniq_prince_ribbit1, uniq_menkaure
D:6:      lemuel_doored_altar, trog_eyes_of_draining
D:7:      nicolae_ru_awakened_eye
Temple:   minmay_temple_bridge_abc
Ossuary:  ossuary_due_pyramid

Skill      XL: |  1  2  3  4  5  6  7  8 |
---------------+-------------------------+-----
Unarmed Combat | 4 5 |  5.9
Poison Magic   | 1 2 3 4 |  4.0
Fighting       | 2 3 4 |  4.0
Transmutations | 3 4 5 6 |  6.4
Evocations     | 2 |  2.9
Ice Magic      | 2 |  2.6
Invocations    | 1 |  1.8
Dodging        | |  1.5
Spellcasting   | |  2.0

Action                   |  1- 3 |  4- 6 |  7- 9 || total
-------------------------+-------+-------+-------++-------
Melee: Unarmed           |    48 |   160 |   227 ||   435
       Headbutt          |     2 |    24 |    16 ||    42
       Punch             |       |     5 |     3 ||     8
Throw: Stone             |    39 |    95 |    17 ||   151
 Cast: Beastly Appendage |    11 |    28 |    11 ||    50
       Sticks to Snakes  |     3 |       |     1 ||     4
       Spider Form       |       |     4 |    13 ||    17
Invok: Bend Time         |       |       |     5 ||     5
 Abil: Spit Poison       |    24 |    21 |     6 ||    51
Evoke: Wand              |       |     1 |       ||     1
  Use: Scroll            |       |    10 |     8 ||    18
       Potion            |       |     1 |     4 ||     5
 Stab: Distracted        |       |       |     1 ||     1
  Eat: Chunk             |     4 |     7 |     8 ||    19
       Fruit             |       |     2 |     4 ||     6
Armor: Robe              |    23 |    35 |    17 ||    75
       Skin              |       |       |    18 ||    18
Dodge: Dodged            |    29 |    68 |   107 ||   204
